[Event "Titled Tuesday Blitz July 25 Early 2023"]
[White "Svane, Rasmus"]
[Black "Arat, Ufuk Sezen"]
[WhiteFideId "4657101"]
[BlackFideId "6309089"]
[WhiteElo "2977"]
[BlackElo "2622"]
[Result "1-0"]
[Round "3"]
[TimeControl "180+2"]
[Date "2023.07.25"]
[WhiteClock "0:00:09"]
[BlackClock "0:00:05"]
[Board "55"]

1. Nf3 d5 2. g3 c6 3. Bg2 Nf6 4. O-O Bg4 5. h3 Bxf3 6. Bxf3 Nbd7 7. d3 e6 8. e4 Be7 9. Nd2 O-O 10. d4 dxe4 11. Nxe4 Nxe4 12. Bxe4 Nf6 13. Bg2 Qc7 14. Bf4 Bd6 15. Bg5 Rad8 16. Bxf6 gxf6 17. c3 f5 18. Qh5 Be7 19. b4 Bf6 20. g4 Qf4 21. gxf5 exf5 22. Qf3 Qxf3 23. Bxf3 Rd6 24. Rfe1 b6 25. Re3 Rc8 26. a4 c5 27. dxc5 bxc5 28. b5 f4 29. Re4 Bxc3 30. Rc1 Bd4 31. Rc4 Kf8 32. Rxf4 Re8 33. Kf1 Re5 34. a5 Ke7 35. b6 axb6 36. a6 b5 37. Rcxd4 Rxa6 38. Rd5 Rxd5 39. Bxd5 f6 40. Ke2 c4 41. Ke3 Rd6 42. Re4+ Kd7 43. Kd4 c3 44. Kc5 c2 45. Re1 b4 46. Rc1 b3 47. Bxb3 Rd2 48. Rxc2 Rd3 49. Ba4+ Ke6 50. h4 Rf3 51. Bc6 Rf4 52. Re2+ Kf5 53. Bd7+ Kg6 54. Kd5 Rxh4 55. Re4 Rh1 56. f4 h5 57. Ke6 h4 58. Be8+ Kg7 59. Kf5 h3 60. Bc6 Rh2 61. Re7+ Kf8 62. Kxf6 Rc2 63. Re8# 1-0


[Site "https://www.chess.com"]

[Event "Titled Tuesday Blitz July 25 Early 2023"]
[White "Parpiev, Isaak"]
[Black "Kamsky, Gata"]
[WhiteFideId "34281576"]
[BlackFideId "2000024"]
[WhiteElo "2609"]
[BlackElo "2965"]
[Result "1/2-1/2"]
[Round "3"]
[TimeControl "180+2"]
[Date "2023.07.25"]
[WhiteClock "0:00:03"]
[BlackClock "0:00:20"]
[Board "56"]

1. d4 Nf6 2. c4 g6 3. Nc3 Bg7 4. e4 d6 5. Be2 e5 6. d5 Na6 7. Nf3 Nc5 8. Qc2 a5 9. Nd2 O-O 10. O-O Ne8 11. f3 Bh6 12. Nb3 Bxc1 13. Qxc1 b6 14. Nxc5 bxc5 15. Qe3 f5 16. Bd1 f4 17. Qd2 Bd7 18. Ba4 Bxa4 19. Nxa4 Nf6 20. Nc3 a4 21. Qc2 Qd7 22. Nb5 g5 23. Kf2 g4 24. Ke2 Kh8 25. Rf2 Rg8 26. Kd2 g3 27. hxg3 fxg3 28. Rff1 Nh5 29. Rae1 Nf4 30. Kc1 Rgb8 31. Kb1 Rxb5 32. cxb5 Qxb5 33. a3 Rb8 34. Ka1 Qa6 35. Rh1 Rb3 36. Rh4 Qd3 37. Qxd3 Rxd3 38. Reh1 h5 39. Rxh5+ Nxh5 40. Rxh5+ Kg7 41. Rg5+ Kf7 42. Rxg3 Rd2 43. Kb1 c4 44. Rg5 Rf2 45. Rf5+ Kg7 46. g4 Rg2 47. Rg5+ Kf7 48. Kc1 Rf2 49. Rf5+ Kg7 50. Kb1 Rg2 51. Rg5+ Kf7 52. Rh5 Kg7 53. Kc1 Rf2 54. Rf5 Rg2 55. Kb1 Rf2 56. Ka1 Rf1+ 57. Ka2 Rg1 58. f4 exf4 59. Rxf4 Rc1 60. Rf5 Re1 61. Rf4 Rc1 62. Rf5 Re1 63. Rf4 Rc1 1/2-1/2


[Site "https://www.chess.com"]

[Event "Titled Tuesday Blitz July 25 Early 2023"]
[White "Indjic, Aleksandar"]
[Black "Arabidze, Meri"]
[WhiteFideId "911925"]
[BlackFideId "13604040"]
[WhiteElo "2964"]
[BlackElo "2610"]
[Result "1-0"]
[Round "3"]
[TimeControl "180+2"]
[Date "2023.07.25"]
[WhiteClock "0:01:14"]
[BlackClock "0:00:05"]
[Board "57"]

1. d4 d5 2. c3 c6 3. Nf3 e6 4. Qc2 f5 5. h3 Bd6 6. g4 Nf6 7. Rg1 Qe7 8. gxf5 exf5 9. Bg5 O-O 10. Nbd2 Qe6 11. Bh6 Nh5 12. Bg5 Nf6 13. Bh4 Ne4 14. e3 Kh8 15. O-O-O Nd7 16. Bd3 a5 17. Rg2 a4 18. a3 Re8 19. Rdg1 Bf8 20. Bg5 b6 21. Bf4 c5 22. Ne5 Ba6 23. Bxa6 Rxa6 24. Nxd7 Qxd7 25. Nf3 Ra7 26. Ne5 Qb5 27. f3 Nd6 28. h4 Nf7 29. Qxf5 Nxe5 30. Bxe5 cxd4 31. Bxd4 Kg8 32. h5 Rf7 33. Qc2 h6 34. f4 Re6 35. f5 Rc6 36. Rg6 Qc4 37. f6 Qa2 38. Rxh6 Qa1+ 39. Kd2 1-0


[Site "https://www.chess.com"]

[Event "Titled Tuesday Blitz July 25 Early 2023"]
[White "Mamedov, Edgar"]
[Black "Maghsoodloo, Parham"]
[WhiteFideId "13739980"]
[BlackFideId "12539929"]
[WhiteElo "2594"]
[BlackElo "2941"]
[Result "1-0"]
[Round "3"]
[TimeControl "180+2"]
[Date "2023.07.25"]
[WhiteClock "0:00:04"]
[BlackClock "0:00:05"]
[Board "58"]

1. d4 Nf6 2. c4 e6 3. Nf3 Bb4+ 4. Bd2 a5 5. a3 Be7 6. Nc3 d5 7. Bf4 c6 8. e3 Nbd7 9. h3 O-O 10. Bd3 dxc4 11. Bxc4 b5 12. Bd3 Bb7 13. O-O b4 14. axb4 axb4 15. Rxa8 Qxa8 16. Ne4 Nxe4 17. Bxe4 c5 18. Bxb7 Qxb7 19. Ne5 Nxe5 20. Bxe5 c4 21. Qg4 g6 22. Rc1 Rc8 23. e4 f5 24. exf5 exf5 25. Qe2 Qd5 26. Ra1 c3 27. bxc3 bxc3 28. Qa6 Qd7 29. Qa2+ Kf8 30. Rc1 Bb4 31. Qb3 Qe7 32. g3 Ba5 33. Qb5 Bb4 34. Qa6 Qd7 35. Qf6+ Ke8 36. Qh8+ Bf8 37. h4 c2 38. d5 Qxd5 39. Bf4 Qe6 40. Bh6 Qe7 41. Bxf8 Qxf8 42. Qxh7 Qf7 43. Qh8+ Kd7 44. Qd4+ Ke7 45. Qe5+ Kf8 46. Qh8+ Qg8 47. Qf6+ Qf7 48. Qh8+ Qg8 49. Qf6+ Ke8 50. Re1+ Kd7 51. Re7+ Kd8 52. Qd6# 1-0


[Site "https://www.chess.com"]

[Event "Titled Tuesday Blitz July 25 Early 2023"]
[White "Sadykov, Ramil"]
[Black "Becerra Rivero, Julio"]
[WhiteFideId "24113590"]
[BlackFideId "3501728"]
[WhiteElo "2585"]
[BlackElo "2871"]
[Result "0-1"]
[Round "3"]
[TimeControl "180+2"]
[Date "2023.07.25"]
[WhiteClock "0:00:02"]
[BlackClock "0:00:26"]
[Board "59"]

1. e4 c5 2. Nf3 Nc6 3. Bb5 g6 4. Bxc6 dxc6 5. d3 Bg7 6. Nc3 e5 7. Be3 Qe7 8. h3 Nf6 9. Qd2 Nd7 10. Bh6 Bxh6 11. Qxh6 f6 12. O-O Nf8 13. Nh2 Ne6 14. Ne2 Qg7 15. Qe3 Nd4 16. Rac1 O-O 17. f4 Be6 18. b3 Nxe2+ 19. Qxe2 exf4 20. Rxf4 f5 21. Rcf1 fxe4 22. Rxf8+ Rxf8 23. Qxe4 Qd4+ 24. Qxd4 cxd4 25. Rxf8+ Kxf8 26. Nf3 c5 27. a4 b6 28. Ng5 Bg8 29. Kf2 Ke7 30. h4 h6 31. Ne4 Bd5 32. Kf3 g5 33. hxg5 hxg5 34. Kg4 Bxe4 35. dxe4 Kf6 36. e5+ Kxe5 37. Kxg5 a6 38. g4 b5 39. axb5 axb5 40. Kh6 c4 41. bxc4 bxc4 42. g5 d3 43. cxd3 c3 44. g6 c2 45. g7 c1=Q+ 46. Kh7 Qh1+ 47. Kg6 Qg2+ 48. Kf7 Qf3+ 49. Kg6 Qg4+ 50. Kf7 Qe6+ 51. Kf8 Qf6+ 52. Kg8 Ke6 53. Kh7 Qh4+ 54. Kg6 Qg4+ 55. Kh6 Kf6 0-1


[Site "https://www.chess.com"]

[Event "Titled Tuesday Blitz July 25 Early 2023"]
[White "Krutko, Anatoly"]
[Black "Kushagra Mohan"]
[WhiteFideId "4185862"]
[BlackFideId "25033638"]
[WhiteElo "2567"]
[BlackElo "2869"]
[Result "1-0"]
[Round "3"]
[TimeControl "180+2"]
[Date "2023.07.25"]
[WhiteClock "0:00:55"]
[BlackClock "0:00:32"]
[Board "60"]

1. d4 Nf6 2. Nc3 d5 3. Bg5 Nbd7 4. e3 e6 5. a3 h6 6. Bh4 Be7 7. f4 O-O 8. Bd3 c5 9. Nf3 b6 10. O-O Bb7 11. Ne5 Rc8 12. Qe1 Ne4 13. Bxe7 Qxe7 14. Bxe4 dxe4 15. Nxd7 Qxd7 16. dxc5 Rxc5 17. Rd1 Qe7 18. Rd4 f5 19. Qd2 Rc7 20. Nb5 e5 21. fxe5 Rc5 22. Nd6 Ba6 23. Nxf5 Qxe5 24. Nxh6+ gxh6 25. Rxf8+ Kxf8 26. Rd8+ Kf7 27. Qd7+ Qe7 28. Qd4 Rf5 29. g3 Bb5 30. Qh8 Qf6 31. Rf8+ Ke7 32. Rxf6 Rxf6 33. Qh7+ Kd6 34. Qxe4 Bc6 35. Qd4+ Ke7 36. Qe5+ Re6 37. Qc7+ Kf6 38. Qxa7 Kg5 39. Qxb6 Rf6 40. Qd8 h5 41. Qd4 Bf3 42. h4+ Kg6 43. e4 Bg4 44. e5 Rf3 45. Qd6+ Kf5 46. e6 Re3 47. Qf4+ 1-0


[Site "https://www.chess.com"]

[Event "Titled Tuesday Blitz July 25 Early 2023"]
[White "Garv Gaur"]
[Black "Nenezic, Marko"]
[WhiteFideId "45030839"]
[BlackFideId "912123"]
[WhiteElo "2566"]
[BlackElo "2797"]
[Result "0-1"]
[Round "3"]
[TimeControl "180+2"]
[Date "2023.07.25"]
[WhiteClock "0:00:26"]
[BlackClock "0:01:31"]
[Board "61"]

1. Nf3 Nf6 2. g3 g6 3. Bg2 Bg7 4. O-O O-O 5. c4 d6 6. Nc3 c6 7. b3 e5 8. Bb2 Re8 9. d3 a5 10. e3 Na6 11. d4 Qc7 12. d5 Nc5 13. Rc1 Bf5 14. Ne1 e4 15. Ne2 h5 16. h3 Qd7 17. Kh2 cxd5 18. cxd5 g5 19. Nd4 Bg6 20. Ne2 Ng4+ 21. hxg4 Bxb2 22. Rc2 Bg7 23. gxh5 Bxh5 24. Qd2 Bg4 25. Nd4 Be5 26. a3 a4 27. b4 Nb3 28. Nxb3 axb3 29. Rc4 f5 30. Rh1 Rac8 31. Bf1 b2 32. Qc2 Rxc4 33. Bxc4 Rc8 34. Ng2 b5 35. Bxb5 Qh7+ 36. Kg1 Rxc2 37. Rxh7 Kxh7 0-1


[Site "https://www.chess.com"]

[Event "Titled Tuesday Blitz July 25 Early 2023"]
[White "Richter, Nils"]
[Black "Kosteniuk, Alexandra"]
[WhiteFideId "12990809"]
[BlackFideId "4128125"]
[WhiteElo "2544"]
[BlackElo "2784"]
[Result "1-0"]
[Round "3"]
[TimeControl "180+2"]
[Date "2023.07.25"]
[WhiteClock "0:01:25"]
[BlackClock "0:01:10"]
[Board "62"]

1. d4 f5 2. g3 Nf6 3. Bg2 g6 4. c4 Bg7 5. Nc3 d6 6. Nf3 O-O 7. O-O a5 8. Re1 a4 9. e4 Nxe4 10. Nxe4 fxe4 11. Rxe4 Bf5 12. Re1 Nc6 13. Be3 a3 14. b3 Nb4 15. Nh4 Qd7 16. Qd2 Nc2 17. Nxf5 Nxe3 18. Nxe3 c5 19. Nc2 Rae8 20. Rad1 cxd4 21. Nxd4 e5 22. Nb5 Kh8 23. Nxa3 Qf5 24. Nb5 Rd8 25. Nxd6 Qe6 26. c5 Rd7 27. b4 h5 28. Bxb7 Kh7 29. Be4 Bh6 30. Qe2 Qf6 31. Rf1 h4 32. Ne8 Qe7 33. Rxd7 Qxd7 34. Nd6 1-0


[Site "https://www.chess.com"]

[Event "Titled Tuesday Blitz July 25 Early 2023"]
[White "Gontcharov, Vladislav"]
[Black "Atakhan, Abtin"]
[WhiteFideId "4123492"]
[BlackFideId "22502203"]
[WhiteElo "2538"]
[BlackElo "2768"]
[Result "1/2-1/2"]
[Round "3"]
[TimeControl "180+2"]
[Date "2023.07.25"]
[WhiteClock "0:00:09"]
[BlackClock "0:00:04"]
[Board "63"]

1. d4 Nf6 2. c4 g6 3. Nc3 Bg7 4. Nf3 O-O 5. Bg5 d6 6. e3 h6 7. Bh4 c5 8. Be2 cxd4 9. Nxd4 Nc6 10. O-O Bd7 11. Rc1 a6 12. b3 Qa5 13. f3 Nxd4 14. exd4 b5 15. Qd2 bxc4 16. bxc4 Rfc8 17. Rfd1 Rab8 18. Bxf6 exf6 19. Nd5 Qxd2 20. Rxd2 Kf8 21. Kf2 f5 22. f4 Be6 23. Bf3 Rb2 24. Rxb2 Bxd4+ 25. Ke2 Bxb2 26. Rb1 Bd4 27. Kd3 Bc5 28. Rb7 Kg7 29. h3 Bg1 30. g4 Rc5 31. Kc3 Ra5 32. Kb3 Bc5 33. a4 Bf2 34. Nc7 Bd7 35. Bd5 Rxa4 36. Ne6+ Bxe6 37. Kxa4 Bc8 38. Rc7 fxg4 39. hxg4 Bxg4 40. Rxf7+ Kh8 41. Rf6 Kg7 42. Rxd6 h5 43. Rxa6 h4 44. Kb4 h3 45. c5 h2 46. Ra1 Bg1 47. Rc1 Be3 48. Rf1 Be2 49. Rh1 Bxf4 50. c6 Kf6 51. Kc5 g5 52. Ra1 Be3+ 53. Kd6 Bf4+ 54. Kd7 Bg4+ 55. Kd8 Ke5 56. Bh1 Kd4 57. c7 Bxc7+ 58. Kxc7 Ke3 59. Ra5 Bf3 60. Ra3+ Kf2 61. Rxf3+ Kg1 62. Rg3+ Kxh1 63. Rxg5 1/2-1/2


[Site "https://www.chess.com"]

[Event "Titled Tuesday Blitz July 25 Early 2023"]
[White "Vakhlamov, Igor L."]
[Black "Mei, Austin"]
[WhiteFideId "24126748"]
[BlackFideId "30948479"]
[WhiteElo "2767"]
[BlackElo "2503"]
[Result "1-0"]
[Round "3"]
[TimeControl "180+2"]
[Date "2023.07.25"]
[WhiteClock "0:00:55"]
[BlackClock "0:00:43"]
[Board "64"]

1. e4 e5 2. Nf3 Nc6 3. Nc3 Nf6 4. Bb5 Bd6 5. a3 O-O 6. d3 h6 7. g4 Nd4 8. Bc4 Bc5 9. g5 d5 10. gxf6 dxc4 11. fxg7 Re8 12. Nxd4 exd4 13. Qh5 Qf6 14. Nd5 Qxg7 15. Bxh6 Qg6 16. Nf6+ Kh8 17. Qxg6 fxg6 18. Nxe8 Bg4 19. Rg1 Bf3 20. Nxc7 Rc8 21. Ne6 Bb6 22. Bg7+ Kg8 23. Bxd4 Ba5+ 24. Bc3 cxd3 25. Bxa5 Rxc2 26. Bd2 1-0


[Site "https://www.chess.com"]

[Event "Titled Tuesday Blitz July 25 Early 2023"]
[White "Remizov, Yaroslav"]
[Black "Lehtosaari, Mauri"]
[WhiteFideId "34134015"]
[BlackFideId "501999"]
[WhiteElo "2757"]
[BlackElo "2488"]
[Result "1-0"]
[Round "3"]
[TimeControl "180+2"]
[Date "2023.07.25"]
[WhiteClock "0:02:39"]
[BlackClock "0:01:39"]
[Board "65"]

1. e4 c5 2. Nc3 e6 3. Nf3 Nc6 4. Bb5 Nge7 5. O-O a6 6. Bxc6 Nxc6 7. d4 cxd4 8. Nxd4 Qc7 9. Be3 b5 10. Re1 Bb7 11. Nd5 exd5 12. exd5 Nxd4 13. Bf4+ 1-0


[Site "https://www.chess.com"]

[Event "Titled Tuesday Blitz July 25 Early 2023"]
[White "Mahdavi, Reza"]
[Black "Tomaszewski, Kacper"]
[WhiteFideId "12595926"]
[BlackFideId "1127373"]
[WhiteElo "2746"]
[BlackElo "2449"]
[Result "0-1"]
[Round "3"]
[TimeControl "180+2"]
[Date "2023.07.25"]
[WhiteClock "0:00:03"]
[BlackClock "0:00:07"]
[Board "66"]

1. e4 Nc6 2. d4 d5 3. e5 Bf5 4. c3 e6 5. Nd2 Nb8 6. f4 h5 7. Ngf3 c5 8. Be2 Nc6 9. O-O Nh6 10. Kh1 Ng4 11. Nb3 c4 12. Nc5 b6 13. Nb7 Qd7 14. Nd6+ Bxd6 15. exd6 Qxd6 16. Ne5 Ncxe5 17. fxe5 Qe7 18. Qe1 O-O-O 19. h3 f6 20. hxg4 hxg4+ 21. Kg1 fxe5 22. Qg3 exd4 23. cxd4 Rdf8 24. Bf4 g5 25. Be5 Rh4 26. Bd6 Qg7 27. Bxf8 Qxd4+ 28. Rf2 Qh8 29. Rff1 Qd4+ 30. Qf2 Qh8 31. Qe3 d4 32. Qg3 d3 33. Qd6 g3 34. Qc6+ Kd8 35. Qd6+ Kc8 36. Qxg3 Qxf8 37. Bxd3 Qc5+ 38. Qf2 Bxd3 39. Qxc5+ bxc5 40. Rf7 e5 41. Re1 e4 42. Rf5 Kd7 43. Rxc5 g4 44. b3 Kd6 45. Rc8 cxb3 46. axb3 g3 47. Rg8 Rh5 48. Rxg3 Rb5 49. Kh2 a5 50. Ra1 Kc5 51. Rg5+ Kb4 52. Rxb5+ Bxb5 53. Kg3 Kxb3 54. Kf4 a4 55. Rb1+ Kc4 56. g4 a3 57. Kxe4 a2 58. Rg1 Kc3 59. g5 Bd3+ 60. Ke3 Bb1 61. g6 a1=Q 62. g7 Qa7+ 0-1


[Site "https://www.chess.com"]

[Event "Titled Tuesday Blitz July 25 Early 2023"]
[White "Molina Carretero, Daniel"]
[Black "Dehtiarov, Roman"]
[WhiteFideId "32071914"]
[BlackFideId "14186640"]
[WhiteElo "2412"]
[BlackElo "2733"]
[Result "1/2-1/2"]
[Round "3"]
[TimeControl "180+2"]
[Date "2023.07.25"]
[WhiteClock "0:00:13"]
[BlackClock "0:00:13"]
[Board "67"]

1. c4 Nf6 2. g3 c5 3. Bg2 Nc6 4. Nc3 b6 5. Nf3 Bb7 6. O-O e6 7. a3 Be7 8. Rb1 O-O 9. d3 d5 10. cxd5 Nxd5 11. Nxd5 Qxd5 12. Be3 Rfd8 13. Qa4 Qd7 14. Rfc1 Rac8 15. b4 cxb4 16. axb4 Bf6 17. b5 Na5 18. Bd2 Rxc1+ 19. Rxc1 Rc8 20. Rxc8+ Qxc8 21. Bxa5 bxa5 22. Qxa5 Qc1+ 23. Qe1 Qb2 24. Qa5 h6 25. Qxa7 Qb1+ 26. Bf1 Bxf3 27. Qb8+ Kh7 28. exf3 Bd4 29. Qf4 Qb2 30. Qe4+ g6 31. Qe2 Qxb5 32. h4 h5 33. f4 Qc5 34. Bg2 Qc1+ 35. Kh2 Qc5 36. Be4 Bxf2 37. Qxh5+ Kg7 38. Qxc5 Bxc5 39. Kg2 Kf6 40. Kf3 Kg7 41. g4 f5 42. Bc6 Kf6 43. g5+ Ke7 44. Bb5 Bd4 45. Ba4 Kf7 46. Bb3 Ke7 47. Bc4 Kf7 48. Bb3 Ke7 49. Bd1 Kf7 50. Kg3 Ke7 51. h5 gxh5 52. Bxh5 e5 53. Kf3 Ke6 54. Bg6 exf4 55. Kxf4 Be5+ 56. Kf3 Bd4 57. Bh7 Be5 58. Ke3 Bg7 59. d4 Kd5 60. Bxf5 Bxd4+ 61. Kf4 Bg7 62. Bc8 Kd6 63. Kf5 Ke7 64. Kg6 Kf8 65. Be6 Ba1 66. Bd5 Bb2 67. Kh7 Ba1 68. g6 Bg7 69. Be6 Bb2 70. Bf7 Bg7 71. Be6 Bb2 72. Bb3 Bg7 73. Ba2 Bb2 74. g7+ Bxg7 1/2-1/2


[Site "https://www.chess.com"]

[Event "Titled Tuesday Blitz July 25 Early 2023"]
[White "ZugZwang1201"]
[Black "NikaVolkov"]
[WhiteElo "2425"]
[BlackElo "2710"]
[Result "0-1"]
[Round "3"]
[TimeControl "180+2"]
[Date "2023.07.25"]
[WhiteClock "0:00:02"]
[BlackClock "0:01:01"]
[Board "68"]

1. e4 e6 2. d3 d5 3. Qe2 dxe4 4. dxe4 c5 5. f4 Nc6 6. c3 e5 7. f5 Nf6 8. Nf3 Be7 9. Nbd2 Qc7 10. a4 a6 11. Nc4 b6 12. g4 h6 13. Rg1 Rb8 14. h4 b5 15. axb5 axb5 16. Ncd2 c4 17. Bh3 Bb7 18. Nf1 Bc5 19. Rg3 Qb6 20. Bg2 Rd8 21. N3h2 Na5 22. Be3 Nb3 23. Bxc5 Qxc5 24. Rd1 Rxd1+ 25. Kxd1 Ke7 26. Qe3 Qd6+ 27. Ke1 Ra8 28. Bf3 Ra1+ 29. Kf2 Ra2 30. g5 Rxb2+ 31. Kg1 hxg5 32. hxg5 Nd7 33. f6+ gxf6 34. g6 fxg6 35. Rxg6 Qc5 36. Rg7+ Kf8 37. Rxd7 Qxe3+ 38. Nxe3 Nc5 39. Rc7 Nxe4 40. Rxb7 Nxc3 41. Nhg4 e4 42. Bg2 Ne2+ 43. Kh2 c3 44. Nxf6 Nf4 45. Kg3 Ne2+ 46. Kg4 c2 47. Nh7+ Ke8 48. Bxe4 c1=Q 49. Nf6+ Kd8 0-1


[Site "https://www.chess.com"]

[Event "Titled Tuesday Blitz July 25 Early 2023"]
[White "Prestia, Paris"]
[Black "Attacker_2006"]
[WhiteFideId "30925959"]
[WhiteElo "2697"]
[BlackElo "2353"]
[Result "0-1"]
[Round "3"]
[TimeControl "180+2"]
[Date "2023.07.25"]
[WhiteClock "0:00:12"]
[BlackClock "0:00:07"]
[Board "69"]

1. e4 c5 2. Nf3 d6 3. Bb5+ Bd7 4. Bxd7+ Qxd7 5. O-O Nf6 6. Re1 g6 7. c4 Nc6 8. d4 cxd4 9. Nxd4 Bg7 10. Nc3 O-O 11. f3 Rfc8 12. Nde2 a6 13. Be3 Rab8 14. Rc1 b5 15. c5 dxc5 16. Bxc5 Ne5 17. Qxd7 Nfxd7 18. Bxe7 Nd3 19. Rcd1 Nxe1 20. Rxd7 b4 21. Nd5 Rc2 22. Nef4 Bd4+ 23. Kf1 Nxg2 24. Nd3 Ne3+ 25. Nxe3 Bxe3 26. Bxb4 Rbc8 27. Bc3 Rxh2 28. Ne5 Rf2+ 29. Ke1 f5 30. Nd3 Rxf3 31. Rg7+ Kf8 32. Rxh7 fxe4 33. Rh8+ Ke7 34. Rxc8 exd3 35. Rc4 Rh3 36. Re4+ Kd6 37. Kd1 Kd5 38. Re5+ Kc4 39. Re4+ Kc5 40. Be1 Kd5 41. Re8 Bd4 42. Rd8+ Ke4 43. Re8+ Kf5 44. Rf8+ Ke6 45. b4 Rh2 46. a4 Ra2 47. Re8+ Kd7 48. Re4 Bf6 49. b5 axb5 50. axb5 Bg5 51. Rd4+ Ke6 52. Rxd3 Ra1+ 53. Ke2 Rb1 54. b6 Rxb6 55. Bc3 Rc6 56. Rg3 Kf5 57. Rf3+ Kg4 58. Rd3 Re6+ 59. Kf2 Bh4+ 60. Kg2 Re2+ 61. Kf1 Rc2 62. Bd2 g5 63. Kg2 Be1 64. Rd4+ Kh5 65. Kf3 Rxd2 66. Rc4 Rf2+ 67. Ke3 Rf8 68. Rc8 Bf2+ 69. Ke2 Rxc8 70. Kxf2 Rf8+ 71. Kg2 Rf4 72. Kh2 Kg6 73. Kg2 Kf5 0-1


[Site "https://www.chess.com"]

[Event "Titled Tuesday Blitz July 25 Early 2023"]
[White "Timerkhanov, Alexander"]
[Black "Wernberg, Hugo"]
[WhiteFideId "24177938"]
[BlackFideId "1737511"]
[WhiteElo "2682"]
[BlackElo "2350"]
[Result "1-0"]
[Round "3"]
[TimeControl "180+2"]
[Date "2023.07.25"]
[WhiteClock "0:00:27"]
[BlackClock "0:00:01"]
[Board "70"]

1. d4 d5 2. Bf4 Nf6 3. e3 c5 4. c3 e6 5. Nd2 Bd6 6. Bg3 Qc7 7. Ngf3 Nbd7 8. Bd3 O-O 9. Bh4 b6 10. Qe2 Bb7 11. O-O Ne4 12. Rac1 c4 13. Bb1 b5 14. Kh1 f5 15. Nxe4 dxe4 16. Ng5 Rae8 17. Bg3 e5 18. a4 a6 19. axb5 axb5 20. dxe5 Nxe5 21. Bxe5 Bxe5 22. g3 Qb6 23. Nh3 Qh6 24. Nf4 g5 25. Ng2 Kh8 26. Rcd1 f4 27. Qg4 f3 28. Ne1 Bc8 29. Qxe4 Bxg3 30. Qxh7+ Qxh7 31. Bxh7 Kxh7 32. fxg3 f2 33. Ng2 Bb7 34. Rd2 Bxg2+ 35. Kxg2 Rxe3 36. Rfxf2 Rxf2+ 37. Kxf2 Re5 38. Kf3 Kg6 39. Rd6+ Kf7 40. Rb6 Ke7 41. Kg4 Kf7 42. h4 gxh4 43. gxh4 Re4+ 44. Kg5 Re5+ 45. Kf4 Rh5 46. Kg4 Rd5 47. h5 Kg7 48. h6+ Kh7 49. Kf4 Rd2 50. Rxb5 Kxh6 51. Ke4 Kg6 52. Rb6+ Kf7 53. Ke5 Ke7 54. Rb5 1-0


[Site "https://www.chess.com"]

[Event "Titled Tuesday Blitz July 25 Early 2023"]
[White "Nagare Kaivalya Sandip"]
[Black "Szente Varga, Fruzsina"]
[WhiteFideId "25957929"]
[BlackFideId "712264"]
[WhiteElo "2663"]
[BlackElo "2317"]
[Result "1-0"]
[Round "3"]
[TimeControl "180+2"]
[Date "2023.07.25"]
[WhiteClock "0:02:00"]
[BlackClock "0:01:23"]
[Board "71"]

1. e4 c5 2. Nf3 Nc6 3. d4 cxd4 4. Nxd4 g6 5. c4 Bg7 6. Be3 d6 7. Nc3 Nf6 8. Be2 O-O 9. O-O Bd7 10. Rc1 Qa5 11. Nb3 Qd8 12. Qd2 Rc8 13. Bh6 Ne5 14. Bxg7 Kxg7 15. Qd4 Nc6 16. Qe3 Be6 17. Nd5 Na5 18. Nd4 Bxd5 19. exd5 Nd7 20. b4 Nxc4 21. Bxc4 Ne5 22. Bb3 Qb6 23. a3 a5 24. Ne6+ 1-0


[Site "https://www.chess.com"]

[Event "Titled Tuesday Blitz July 25 Early 2023"]
[White "brm72"]
[Black "Andreikin, Dmitry"]
[BlackFideId "4158814"]
[WhiteElo "2660"]
[BlackElo "3024"]
[Result "0-1"]
[Round "3"]
[TimeControl "180+2"]
[Date "2023.07.25"]
[WhiteClock "0:00:03"]
[BlackClock "0:00:10"]
[Board "72"]

1. Nf3 b5 2. e4 Bb7 3. Bxb5 Bxe4 4. O-O c6 5. Ba4 Qa5 6. Bb3 Qh5 7. d3 Bxf3 8. Qxf3 Qxf3 9. gxf3 Nf6 10. Re1 e6 11. Bf4 Be7 12. Nd2 O-O 13. Ne4 d5 14. Ng3 Nbd7 15. Kg2 a5 16. c3 a4 17. Bc2 g6 18. b3 Rfc8 19. Ne2 Ne8 20. b4 c5 21. b5 Bd6 22. Bd2 Nb6 23. Rab1 Nf6 24. Bg5 Nfd7 25. Rec1 c4 26. d4 Rcb8 27. h4 h5 28. Bf4 Nc8 29. Bxd6 Nxd6 30. Rb4 a3 31. Rcb1 Rb6 32. Ng3 Ra5 33. Ba4 Kf8 34. f4 Ke7 35. Kf3 Rb8 36. Ke3 Nb6 37. Bc2 Nbc8 38. Ba4 Rb6 39. Ne2 Nf5+ 40. Kd2 Nxh4 41. Bc2 Nd6 42. Ra4 Raxb5 43. Rxb5 Nxb5 44. Ra5 Rb7 45. Ba4 Nd6 46. Bc2 Nf3+ 47. Ke3 Ne1 48. Ba4 Rb2 49. Bc6 Nf5# 0-1


[Site "https://www.chess.com"]

[Event "Titled Tuesday Blitz July 25 Early 2023"]
[White "Ruge, Edison"]
[Black "Duda, Jan-Krzysztof"]
[WhiteFideId "4401000"]
[BlackFideId "1170546"]
[WhiteElo "2219"]
[BlackElo "2993"]
[Result "0-1"]
[Round "3"]
[TimeControl "180+2"]
[Date "2023.07.25"]
[WhiteClock "0:00:43"]
[BlackClock "0:02:35"]
[Board "73"]

1. e4 Nf6 2. e5 Ng8 3. c4 d6 4. exd6 cxd6 5. d4 g6 6. Nf3 Bg7 7. Be3 Nf6 8. Be2 O-O 9. Nc3 Ng4 10. Qd2 Nxe3 11. Qxe3 Nd7 12. O-O e6 13. Rfd1 b6 14. Rac1 Bb7 15. b3 a6 16. Nd2 Qh4 17. Nf3 Qe7 18. Ne4 Rfd8 19. Qf4 e5 20. dxe5 dxe5 21. Qe3 f5 22. Nd6 f4 23. Qd2 Nc5 24. b4 Ne4 25. Nxe4 Rxd2 26. Nexd2 e4 27. Ne1 f3 28. Bf1 Rf8 29. Nb3 e3 0-1


[Site "https://www.chess.com"]

[Event "Titled Tuesday Blitz July 25 Early 2023"]
[White "Kevlishvili, Robby"]
[Black "Kirillov, Dmitry"]
[WhiteFideId "1040634"]
[BlackFideId "34180572"]
[WhiteElo "2991"]
[BlackElo "2486"]
[Result "1-0"]
[Round "3"]
[TimeControl "180+2"]
[Date "2023.07.25"]
[WhiteClock "0:01:27"]
[BlackClock "0:00:19"]
[Board "74"]

1. Nf3 Nf6 2. c4 b6 3. d4 e6 4. g3 Ba6 5. Nbd2 Be7 6. Bg2 d5 7. O-O O-O 8. Qc2 c6 9. b3 Nbd7 10. Bb2 Rc8 11. Ne5 c5 12. dxc5 Nxc5 13. b4 Ncd7 14. Qa4 Nxe5 15. Qxa6 Nxc4 16. Nxc4 Rxc4 17. Qxa7 Rxb4 18. Ba3 Qa8 19. Qxa8 Rxa8 20. Bxb4 Bxb4 21. a4 Bc5 22. e3 Kf8 23. Rfb1 Ke7 24. Rb5 Nd7 25. Bf1 Kd6 26. Rb3 Ra5 27. Bb5 Ne5 28. Kg2 f5 29. Rd1 g5 30. h3 h5 31. Rb2 g4 32. hxg4 hxg4 33. Rh1 Ra7 34. Rh6 Nf3 35. Rb1 Ne5 36. Rbh1 d4 37. exd4 Bxd4 38. Rd1 Kd5 39. Rh8 1-0


[Site "https://www.chess.com"]

[Event "Titled Tuesday Blitz July 25 Early 2023"]
[White "Bychkov, Vladimir"]
[Black "Xiong, Jeffery"]
[WhiteFideId "24151513"]
[BlackFideId "2047640"]
[WhiteElo "2485"]
[BlackElo "2988"]
[Result "0-1"]
[Round "3"]
[TimeControl "180+2"]
[Date "2023.07.25"]
[WhiteClock "0:00:59"]
[BlackClock "0:01:03"]
[Board "75"]

1. e4 c5 2. Nf3 Nc6 3. Bb5 d6 4. O-O Bd7 5. Re1 Nf6 6. c3 a6 7. Bf1 Bg4 8. h3 Bxf3 9. Qxf3 e6 10. Na3 Be7 11. Nc2 O-O 12. Ne3 b5 13. Ng4 Nd7 14. d3 b4 15. Bd2 Rb8 16. cxb4 Nxb4 17. Rec1 Nc6 18. Bc3 h5 19. Ne3 g6 20. Nc4 Bg5 21. Rc2 Bf6 22. Qg3 Nde5 23. Ne3 Nb4 24. Rd2 Nbc6 25. f4 Nd7 26. f5 Nde5 27. Be2 Kh7 28. fxg6+ fxg6 29. Rf1 Bh4 30. Qh2 Qg5 31. Nc2 Bg3 32. Qh1 Rxf1+ 33. Kxf1 Rf8+ 34. Bf3 Nxf3 35. gxf3 Ne5 36. Bxe5 Qxd2 37. Bxg3 Qxc2 0-1


[Site "https://www.chess.com"]

[Event "Titled Tuesday Blitz July 25 Early 2023"]
[White "Svane, Frederik"]
[Black "Fontaine, Quentin"]
[WhiteFideId "12923044"]
[BlackFideId "230804"]
[WhiteElo "2929"]
[BlackElo "2483"]
[Result "1/2-1/2"]
[Round "3"]
[TimeControl "180+2"]
[Date "2023.07.25"]
[WhiteClock "0:01:39"]
[BlackClock "0:00:18"]
[Board "76"]

1. a3 Nf6 2. d4 g6 3. Nf3 Bg7 4. c4 O-O 5. Nc3 d6 6. e3 Nbd7 7. Be2 e5 8. b4 Re8 9. O-O e4 10. Nd2 Nf8 11. Qc2 Qe7 12. Bb2 Bf5 13. Rac1 Ne6 14. Nd5 Nxd5 15. cxd5 Nxd4 16. Bxd4 Bxd4 17. exd4 e3 18. Bd3 Bxd3 19. Qxd3 exd2 20. Qxd2 Qe4 21. Rxc7 Qxd5 22. h4 Re4 23. Qg5 Qxd4 24. h5 Rg4 25. Qe7 Rxg2+ 26. Kxg2 Qg4+ 27. Kh2 Qf4+ 28. Kh1 Qf3+ 29. Kg1 Qg4+ 30. Kh2 Qf4+ 31. Kh3 Qf3+ 32. Kh4 Qf4+ 33. Kh3 Qf3+ 34. Kh2 Qf4+ 1/2-1/2


[Site "https://www.chess.com"]